Tilon, neutral male gnomish Wizard --- ----- ------- --- ---- --.| |... .....|--------------|.-- ---- |..| --..| |... ....|...|..|...|...|..| |..--- --..---- |...| +..- ...|...|..|...|...|..| |....-- --......| --..| |..| --- -..|[..|..|-|---.--..| ---....| |.......----..-----..| |(( |..--|---|-.........-| |.....-- --.......||..........| |((.-.............-----..| ---.----- ----|....|.--|..........| | |......--+-...|...|..| |...| --..---..---- |.-.----...| -+------..{...| |...-...|..|--.--| ----- --....--..--- |...| +...| |.............| |...|...|..|...|.-- --...-- |...........----.|.| |...| --+-.....---|-------------.--......| --.....| --.........).....|.----...--+-- |..-+-|.........................| --......| ---....<......---.|...|........| |..| |----%...---------........---....---- |.....----....| |.|...|..#.....----..| |!*.-....|.....@||..............-- |.....| |....--|.....|-....{........| |%..|....-....@f||.....-........| ----..----......|--...--..|....#.....--------.%..|G..r..||.............-| --..|........| |.[.....|-.....................-----------.>....---...| |.....---...- -------------------...................| --.....| |-..-- ------- --...| |.........-----... --- --..--- |....| ----- --.......... ...| ---- --.--- ------------ ---- --- Tilon the Thaumaturge Experience level: 6 Strength: 14 Dexterity: 13 Constitution: 14 Intelligence: 19 Wisdom: 9 Charisma: 8 Health: 0(43) Energy: 18(54) Def: 2 Gold: 182 Moves: 3833 Dungeon seed: jh_fBHMKI-Ydm4BZ Game ID: Tilon_1485495991 Your Inventory: Coins $ - 182 gold pieces Weapons a - a blessed +1 quarterstaff n - a +1 orcish dagger s - a +0 elven dagger E - a +0 dagger (weapon in hand) P - a +0 orcish dagger Armor e - an uncursed +0 cloak of magic resistance (being worn) q - an uncursed +0 orcish helm (being worn) Comestibles z - an uncursed food ration G - 2 uncursed cream pies K - an uncursed partly eaten food ration M - an uncursed tripe ration Scrolls i - an uncursed scroll of teleportation j - an uncursed scroll of enchant weapon k - 2 uncursed scrolls of identify w - an uncursed scroll of magic mapping A - an uncursed scroll of destroy armor F - an uncursed scroll of stinking cloud V - a blessed scroll of enchant weapon W - an uncursed scroll of enchant armor Spellbooks l - a blessed spellbook of force bolt m - an uncursed spellbook of light x - an uncursed spellbook of healing Q - an uncursed spellbook of cure blindness Potions f - an uncursed potion of sickness g - an uncursed potion of polymorph h - a blessed potion of restore ability L - an uncursed potion of gain energy O - an uncursed potion of restore ability Rings c - an uncursed ring of stealth (on left hand) d - an uncursed +4 ring of increase accuracy (on right hand) p - an uncursed ring of invisibility U - an uncursed ring of levitation Wands b - a wand of slow monster (0:6) u - a wand of magic missile (0:3) B - a wand of striking (0:4) C - a wand of death (0:5) X - a wand of cold (0:4) Tools t - an uncursed towel v - an uncursed leash (in use) D - an uncursed tin opener H - a tinning kit (0:43) I - a bag of tricks (0:1) J - an uncursed mirror R - an uncursed oil lamp (0:1088) Gems o - an uncursed worthless piece of yellow glass r - an uncursed garnet stone y - an uncursed emerald N - an uncursed amethyst stone S - an uncursed worthless piece of orange glass T - an uncursed chrysoberyl stone Y - an uncursed worthless piece of green glass Z - an uncursed fluorite stone Spells and supernatural/magical abilities: Name Level Category Fail Memory a - force bolt 1 attack 0% 81% h - healing 1 healing 0% 85% l - light 1 divination 0% 81% W - pray for help -- divine ? -- Your skills at the end: Fighting Skills Weapon Skills dagger [Basic] quarterstaff [Basic] Spellcasting Skills attack spells [Basic] enchantment spells [Basic] Final Attributes: You were piously aligned. You were magic-protected. You had infravision. You were stealthy. You had a +4 bonus to hit. You are dead. Vanquished creatures: a large mimic 2 small mimics a bugbear 2 Mordor orcs a kobold mummy a black naga hatchling a guardian naga hatchling 2 giant ants a floating eye 2 kittens a dwarf a rabid rat 4 orc zombies a wererat 2 werejackals 2 iguanas 3 killer bees an acid blob a coyote 2 gas spores 3 hobbits 10 manes 2 large kobolds 2 hobgoblins 4 giant rats 2 cave spiders 3 brown molds 2 yellow molds a red mold 3 gnomes 3 garter snakes 2 gnome zombies 5 geckos 2 jackals 2 foxes 2 kobolds 3 goblins 12 sewer rats 8 grid bugs 6 lichens a kobold zombie 7 newts 117 creatures vanquished. Voluntary challenges: You were an atheist. You used a wielded weapon 97 times, starting on turn 64. You read items or engraved 5 times, starting on turn 695. You never genocided any monsters. You never polymorphed an object. You never changed form. You used no wishes. You never split a pudding. You wrote Elbereth's name 2 times, starting on turn 1803. You violated your moral code, losing 14 points of alignment, starting on turn 809. Dungeon overview: The Dungeons of Doom: levels 1 to 3 Level 1 a fountain a long staircase Level 2 a general store, a fountain Level 3 a potion shop, a fountain stairs to The Gnomish Mines The Gnomish Mines: levels 4 to 7 Level 4 stairs to The Dungeons of Doom Level 5 Level 6 Level 7 <- You were here some shops, a temple to Ptah, some fountains, some trees History has recorded: On T:1 you entered the Dungeons of Doom to retrieve the Amulet of Yendor! On T:266 you advanced to experience level 2. On T:291 you reached level 2 of The Dungeons of Doom. On T:809 you advanced to experience level 3. On T:1420 you reached level 3 of The Dungeons of Doom. On T:1473 you reached level 1 of The Gnomish Mines. On T:1570 you advanced to experience level 4. On T:2514 you reached level 2 of The Gnomish Mines. On T:2561 you reached level 3 of The Gnomish Mines. On T:2823 you advanced to experience level 5. On T:3190 you reached level 4 of The Gnomish Mines. On T:3404 you advanced to experience level 6. Score breakdown: Gold: 182 ( 7696 points) Experience: 6 levels (12456 points) Exploration: 7 levels ( 14.29%) (10606 points) Discoveries: 10 items ( 3.48%) ( 5599 points) Valuables value: (no points given unless you survive) Artifact value: 0 ( 0 points) Variety of kills: 42 monsters ( 11.02%) ( 9960 points) Turncount: 3833 turns ( -961 points) Survival: died (score multiplied by 80%) Total score: 36284 Latest messages: The manes hits! (2x) The manes bites! The spell hits the manes! You destroy the manes! You displace your large cat. You see here a wererat corpse. You hear bubbling water. You displace your large cat. You see here a wererat corpse. The priest of Ptah intones: "Pilgrim, you enter a sacred place!" You have a strange forbidding feeling... You hear water falling on coins. You hit the rabid rat. The rabid rat bites! (2x) The spell misses the rabid rat. The rabid rat bites! You die... Final status: Goodbye Tilon the Wizard, killed by a rabid rat... You died in The Gnomish Mines on dungeon level 7 with 36284 points, and 182 pieces of gold, after 3833 moves. You were level 6 with a maximum of 43 hit points when you died.